 Dungeon Sprint DCSS version 0.21-a0-110-g8e1637b (webtiles) character file.

11900000 Kidiri the Intangible (level 27, -1/319 (323) HPs)
             Began as a Troll Warper on July 10, 2017.
             Was the Champion of Makhleb.
             Killed by the air
             ... invoked by a tyrant
              (37 damage)
             ... in the Dungeon (Sprint VIII: "Arena of Blood").
             The game lasted 00:06:21 (119 turns).

Kidiri the Intangible (Troll Warper)                 Turns: 119, Time: 00:06:22

HP:   -1/319 (323)  AC:  7    Str: 27    XL:     27
MP:   46/53         EV: 31    Int:  9    God:    Makhleb [******]
Gold: 0             SH:  0    Dex: 18    Spells: 80/80 levels left

rFire    . . .     SeeInvis +   l - +∞ Axe of Woe
rCold    . . .     Gourm    +   (shield currently unavailable)
rNeg     . . .     Faith    .   b - +0 robe
rPois    .         Spirit   .   (helmet restricted)
rElec    .         Reflect  .   (no cloak)
rCorr    .         Harm     .   (gloves unavailable)
MR       ++...     NoTele   +   (boots unavailable)
Stlth    +++++++++.             (no amulet)
HPRegen  1.03/turn              a - ring of see invisible
MPRegen  0.33/turn              (no ring)

@: no status effects
A: unfitting armour, claws 3, fast metabolism 3, gourmand, regeneration 1,
shaggy fur 1, tough skin 2
a: Minor Destruction, Lesser Servant of Makhleb, Major Destruction, Greater
Servant of Makhleb, Renounce Religion


You were in the Dungeon.
You worshipped Makhleb.
Makhleb was exalted by your worship.
You were not hungry.

You visited 1 branch

Inventory:

Hand Weapons
 l - the +∞ Axe of Woe (weapon)
   (You found it in the Dungeon)
Missiles
 e - 5 tomahawks of dispersal (quivered)
Armour
 b - a +0 robe (worn)
Jewellery
 a - a ring of see invisible (left claw)
Scrolls
 d - 2 scrolls of blinking
Potions
 g - a potion of curing
 i - a potion of haste
 j - 2 potions of magic
 k - a potion of berserk rage
Books
 c - a book of Spatial Translocations

   Spells                             Type                      Level
   a - Blink                          Translocation                2
   b - Shroud of Golubria             Charms/Translocation         2
   c - Lesser Beckoning               Translocation                3
   d - Gell's Gravitas                Translocation                3
   e - Teleport Other                 Translocation                3
   f - Passage of Golubria            Translocation                4
Comestibles
 f - 2 bread rations


   Skills:
 O Level 27 Fighting
 O Level 27 Axes
 O Level 27 Throwing
 O Level 27 Armour
 O Level 27 Dodging
 O Level 27 Stealth
 O Level 27 Unarmed Combat
 O Level 27 Spellcasting
   Level 2.1 Translocations
 O Level 27 Invocations
   Level 0.1 Evocations


You had 80 spell levels left.
You didn't know any spells.

Dungeon Overview and Level Annotations

Branches:
Dungeon (1/1)

Altars:
Makhleb


Innate Abilities, Weirdness & Mutations

You are too large for most types of armour.
You have claws for hands.
Your metabolism is lightning-fast.
You like to eat raw meat.
Your natural rate of healing is unusually fast.
You are covered in fur. (AC +1)
You have very tough skin. (AC +2)


Message History

A fleshlord comes into view. It is wielding a +9 great mace.
The tyrant waves its bony arms in wide circles.
The air twists around and strikes you!
You hear a shout!
The scourge moves out of view.
The fleshlord casts a spell at you.
The observer seems to slow down.
You hear a shout! x2
The observer gazes at you. The bolt of fire hits you!
* * * LOW HITPOINT WARNING * * *
You hear a shout!
A bag of meat comes into view. It is wielding a +9 war axe.
Unknown command.
You hear a shout! x2
The observer pulsates ominously.
You hear a shout!
The tyrant waves its bony arms in wide circles.
The air twists around and strikes you!
You die...

########## ####)†)...)))
####.)po)....)))
####....†)).†.##)##
####........)o.....)..
###........G####M...)##.
..........)#GX.M...))...
.......@)))X#....)L....#
...X..o).§X.#.O..)))X...
...X...###W..#...).)L...
.....## .....#..)))....
..XL# .....p....)....
..X. ...W..D........ ..X
.#........#))).. ..
..#.....#§))..
.....###V))..


You could see 3 tentacled monstrosities, a tyrant, 2 observers, 2 fleshlords, 5
large abominations, a dread and a bag of meat.

Vanquished Creatures
  A great orb of eyes (D)
  8 hell beasts (D)
  4 greater mummies (D)
  44 orcs (D)
  3 phantoms (D)
  4 skeletal warriors (D)
  2 large abominations (D)
  2 small abominations (D)
  4 crawling corpses (D)
  13 vampire knights (D)
  21 ogres (D)
  A two-headed ogre (D)
  3 liches (D)
  4 hydras (D)
114 creatures vanquished.

Vanquished Creatures (others)
  2 orcs (D)
  A crawling corpse (D)
3 creatures vanquished.

Grand Total: 117 creatures vanquished

Notes
Turn   | Place    | Note
-------+----------+-------------------------------------------
     0 | D        | Kidiri the Troll Warper began the quest for the Orb.
     0 | D        | Reached XP level 1. HP: 19/19 MP: 1/1
     3 | D        | Noticed a bag of meat
     4 | D        | Noticed a bag of meat
     5 | D        | Became a worshipper of Makhleb the Destroyer
     7 | D        | Noticed a meat berserker
     7 | D        | Noticed a meat berserker
     7 | D        | Noticed a bag of meat
     7 | D        | Noticed a meat berserker
     8 | D        | Killed a bag of meat
     8 | D        | Reached skill level 10 in Axes
     8 | D        | Reached skill level 10 in Armour
     8 | D        | Reached XP level 2. HP: 54/54 MP: 2/2
     8 | D        | Reached XP level 3. HP: 62/62 MP: 3/3
     8 | D        | Reached XP level 4. HP: 71/71 MP: 4/4
     8 | D        | Reached XP level 5. HP: 79/79 MP: 5/5
     8 | D        | Reached XP level 6. HP: 88/88 MP: 6/6
     8 | D        | Reached XP level 7. HP: 96/96 MP: 7/7
     8 | D        | Reached XP level 8. HP: 105/105 MP: 8/8
     8 | D        | Reached XP level 9. HP: 113/113 MP: 9/9
     8 | D        | Reached XP level 10. HP: 122/122 MP: 10/10
     8 | D        | Reached XP level 11. HP: 130/130 MP: 11/11
     9 | D        | Noticed a meat berserker
     9 | D        | Noticed a meat berserker
     9 | D        | Killed a meat berserker
     9 | D        | Reached * piety under Makhleb
     9 | D        | Reached XP level 12. HP: 150/150 MP: 12/12
     9 | D        | Reached XP level 13. HP: 158/158 MP: 13/13
     9 | D        | Noticed a bag of meat
     9 | D        | Noticed a bag of meat
    10 | D        | Killed a meat berserker
    10 | D        | Reached XP level 14. HP: 59/174 MP: 14/14
    10 | D        | Killed a meat berserker
    10 | D        | Reached XP level 15. HP: 64/188 MP: 15/15
    10 | D        | Reached ** piety under Makhleb
    10 | D        | Killed a meat berserker
    10 | D        | Reached XP level 16. HP: 134/205 MP: 16/16
    11 | D        | Noticed a meat berserker
    12 | D        | Killed a meat berserker
    12 | D        | Reached XP level 17. HP: 219/219 MP: 17/17
    13 | D        | Reached *** piety under Makhleb
    16 | D        | Noticed a meat berserker
    17 | D        | Reached **** piety under Makhleb
    17 | D        | Reached skill level 27 in Fighting
    17 | D        | Reached skill level 27 in Dodging
    17 | D        | Reached XP level 18. HP: 236/236 MP: 18/18
    18 | D        | Killed a meat berserker
    18 | D        | Reached XP level 19. HP: 245/245 MP: 19/19
    19 | D        | Reached ***** piety under Makhleb
    19 | D        | Reached skill level 27 in Axes
    19 | D        | Reached skill level 27 in Armour
    19 | D        | Reached skill level 5 in Throwing
    19 | D        | Reached skill level 5 in Invocations
    19 | D        | Killed a meat berserker
    19 | D        | Reached skill level 10 in Throwing
    19 | D        | Reached skill level 10 in Invocations
    19 | D        | Reached XP level 20. HP: 256/256 MP: 19/31
    20 | D        | Noticed a destroyer
    20 | D        | Noticed a destroyer
    20 | D        | Noticed a destroyer
    22 | D        | Noticed a meat berserker
    23 | D        | Reached skill level 10 in Stealth
    23 | D        | Reached skill level 15 in Unarmed Combat
    23 | D        | Reached skill level 10 in Spellcasting
    25 | D        | Noticed a meat berserker
    25 | D        | Reached skill level 15 in Throwing
    25 | D        | Reached skill level 15 in Invocations
    25 | D        | Reached ****** piety under Makhleb
    25 | D        | Reached XP level 21. HP: 265/265 MP: 20/36
    26 | D        | Noticed a destroyer
    26 | D        | Noticed a large bag of meat
    29 | D        | Reached skill level 15 in Stealth
    29 | D        | Reached skill level 15 in Spellcasting
    30 | D        | Noticed a destroyer
    30 | D        | Killed a destroyer
    30 | D        | Reached XP level 22. HP: 275/275 MP: 21/41
    30 | D        | Killed a destroyer
    34 | D        | Reached XP level 23. HP: 284/284 MP: 22/44
    34 | D        | Killed a destroyer
    34 | D        | Reached skill level 27 in Unarmed Combat
    35 | D        | Reached skill level 27 in Throwing
    36 | D        | Reached skill level 27 in Invocations
    38 | D        | Noticed a destroyer
    38 | D        | Noticed a destroyer
    39 | D        | Noticed a destroyer
    41 | D        | Noticed a destroyer
    41 | D        | Killed a destroyer
    41 | D        | Reached XP level 24. HP: 122/295 MP: 23/49
    41 | D        | Killed a large bag of meat
    44 | D        | Noticed a destroyer
    44 | D        | Killed a destroyer
    46 | D        | Noticed an accursed
    46 | D        | Killed a destroyer
    46 | D        | Killed a destroyer
    46 | D        | Reached skill level 27 in Stealth
    46 | D        | Reached skill level 27 in Spellcasting
    46 | D        | Reached XP level 25. HP: 191/304 MP: 25/53
    51 | D        | Killed a destroyer
    54 | D        | Killed a destroyer
    55 | D        | Killed a destroyer
    55 | D        | Reached XP level 26. HP: 199/314 MP: 27/53
    56 | D        | Noticed a destroyer
    58 | D        | Killed an accursed
    59 | D        | Killed a destroyer
    60 | D        | Noticed a tyrant
    60 | D        | Noticed a meat beast
    60 | D        | Noticed an accursed
    62 | D        | Killed a meat beast
    62 | D        | Reached XP level 27. HP: 239/322 MP: 29/53
    63 | D        | Noticed a tyrant
    67 | D        | Killed a tyrant
    71 | D        | Killed an accursed
    72 | D        | Noticed a meat beast
    73 | D        | Killed a tyrant
    75 | D        | Killed a meat beast
    79 | D        | Noticed a destroyer
    80 | D        | Noticed a destroyer
    80 | D        | Noticed a meat beast
    80 | D        | Noticed an accursed
    80 | D        | Noticed a meat beast
    81 | D        | Noticed a meat beast
    81 | D        | Killed a destroyer
    82 | D        | Noticed a meat beast
    82 | D        | Noticed a meat beast
    82 | D        | Killed a meat beast
    82 | D        | HP: 11/322 [accursed/divine providence (14)]
    83 | D        | Killed a meat beast
    83 | D        | Killed a meat beast
    84 | D        | Killed a destroyer
    85 | D        | Killed a meat beast
    86 | D        | Killed a meat beast
    88 | D        | Noticed a meat beast
    92 | D        | Killed a meat beast
    96 | D        | Noticed a tyrant
    98 | D        | Noticed an accursed
    98 | D        | Killed an accursed
   102 | D        | Noticed an accursed
   108 | D        | Killed an accursed
   112 | D        | Noticed a dread
   113 | D        | Noticed a tyrant
   114 | D        | Noticed an accursed
   114 | D        | Noticed a tyrant
   115 | D        | Noticed a fleshlord
   118 | D        | Killed a tyrant
   119 | D        | Noticed a fleshlord
   119 | D        | Killed from afar by a tyrant

Vault maps used:
D:        meatsprint

Skill      XL: |  1  2  3  4  5  6  7  8  9 10 11 12 13 14 15 16 17 18 19 20 21 22 23 24 |
---------------+-------------------------------------------------------------------------+-----
Fighting       | 14 17 19 21 23 25 27 | 27.0
Axes           | 10 13 14 16 17 18 21 25 27 | 27.0
Armour         | 10 13 14 16 17 18 21 25 27 | 27.0
Dodging        | 14 17 19 21 23 25 27 | 27.0
Throwing       | 12 17 22 24 27 | 27.0
Stealth        | 8 12 16 18 23 27 | 27.0
Unarmed Combat | 12 18 23 26 27 | 27.0
Spellcasting   | 8 12 16 18 23 27 | 27.0
Invocations    | 12 17 22 24 27 | 27.0
Translocations | |  2.1
Evocations     | |  0.1

Action                   |  1- 3 |  4- 6 |  7- 9 | 10-12 | 13-15 | 16-18 | 19-21 | 22-24 | 25-27 || total
-------------------------+-------+-------+-------+-------+-------+-------+-------+-------+-------++-------
Melee: Executioner's axe |     1 |       |       |     1 |     1 |     5 |     7 |     8 |    48 ||    71
Invok: Greater Servant o |       |       |       |       |       |       |       |       |     1 ||     1
  Use: Potion            |       |       |       |       |       |       |       |     1 |       ||     1
Armor: Robe              |       |       |       |       |       |       |       |       |     4 ||     4
Dodge: Dodged            |       |       |       |       |       |     1 |       |       |    10 ||    11
